Map: Base du roi Sejong EC

Players

zidar - Winner!

  • Race: Zerg Zerg
  • League: Gold
  • Spawn Location: 11:00

kiri

  • Race: Zerg Zerg
  • League: Silver
  • Spawn Location: 5:00

VOD

Have the link to the VOD?

Description

Time

  • Played on: June 12, 2016, noon
  • Length: 5:06
Show
View Real Time Build Order
Export as new Build Order

zidar Zerg - Winner!

Build Orders: Pool First 

Get SALT Encoding   

  12  0:01  Drone  
  13  0:12  Overlord  
  13  0:17  Drone  
  14  0:30  Drone x2  
  14  0:34  Drone  
  17  0:48  Spawning Pool  
  17  0:49  Drone  
  17  1:13  Hatchery  
  17  1:16  Drone  
  17  1:19  Extractor, Drone  
  17  1:26  Drone  
  18  1:35  Queen  
  20  1:42  Drone x2  
  22  1:50  Overlord  
  22  1:59  Extractor  
  22  2:00  Drone  
  23  2:11  Queen  
  24  2:36  Roach Warren  
  23  2:57  Overlord  
  23  2:58  Overlord  
  23  3:17  Roach x7  
  37  3:21  Zergling x6  
  40  3:29  Roach x2  
  40  3:30  Roach  
  46  3:47  Ravager  
  47  4:03  Roach  
  47  4:04  Roach, Zergling x2  
  52  4:17  Extractor  
Show
View Real Time Build Order
Export as new Build Order

kiri Zerg 

Build Orders: Hatch First 

Get SALT Encoding   

  12  0:01  Drone  
  13  0:12  Overlord  
  13  0:17  Drone  
  14  0:30  Drone  
  14  0:31  Drone  
  14  0:34  Drone  
  17  0:55  Hatchery  
  17  0:56  Drone  
  17  1:04  Extractor  
  16  1:13  Spawning Pool  
  16  1:15  Drone  
  16  1:20  Drone  
  16  1:22  Drone  
  18  1:29  Overlord  
  18  1:59  Queen  
  18  2:00  Zergling x2  
  23  2:01  Zergling x4  
  23  2:04  Metabolic Boost  
  23  2:09  Queen  
  23  2:13  Zergling x2  
  26  2:24  Drone x2  
  26  2:25  Drone  
  29  2:50  Lair  
  29  2:52  Extractor  
  28  2:59  Drone  
  28  3:00  Drone x5  
  34  3:19  Drone x2  
  36  3:24  Overlord  
  36  3:25  Extractor  
  35  3:27  Extractor  
  35  3:30  Pneumatized Carapace  
  35  3:33  Drone x2  
  36  3:36  Overlord  
  36  3:45  Drone x4  
  40  3:54  Spire  
  39  3:58  Zergling x4  
  40  4:03  Spine Crawler  
  40  4:08  Spine Crawler  
  38  4:13  Spine Crawler  
  37  4:36  Zergling x12  
Tags
 
Add a new tag
Caveats
  • Supply blocks, unpowered buildings, or Contaminate may cause inaccurate times.
  • Supply counts are checked every 10 seconds.